 Dungeon Crawl Stone Soup version 0.30.0-10-gfe55d96785 (webtiles) character file.

Game seed: 6962705484858083492

35 cheesebisquit the Firebug (level 3, 14/28 HPs)
             Began as a Draconian Fire Elementalist on May 14, 2023.
             Quit the game on level 2 of the Dungeon.
             The game lasted 00:04:46 (952 turns).

cheesebisquit the Firebug (DrFE)                     Turns: 952, Time: 00:04:46

Health: 14/28      AC:  5    Str: 10    XL:     3   Next: 16%
Magic:  1/6        EV: 12    Int: 17    God:
Gold:   79         SH:  0    Dex: 11    Spells: 5/6 levels left

rFire   . . .        c - +0 dagger
rCold   . . .        (no shield)
rNeg    . . .        (body armour unavailable)
rPois   .            (helmet restricted)
rElec   .            (no cloak)
rCorr   .            (no gloves)
SInv    .            (no boots)
Will    .....        (no amulet)
Stlth   +            (no ring)
HPRegen 0.24/turn    (no ring)
MPRegen 0.10/turn

%: no passive effects
@: confused
A: AC +5, unfitting armour, cold-blooded
a: no special abilities


You were on level 2 of the Dungeon.
You visited 1 branch of the dungeon, and saw 2 of its levels.

You collected 79 gold pieces.

Inventory:

Hand Weapons
 c - a +0 dagger (weapon)
Scrolls
 b - a scroll of magic mapping {unknown}
 f - a scroll of amnesia {unknown}
 g - 2 scrolls of identify {unknown}
 h - a scroll of silence {unknown}
 i - a scroll of teleportation {unknown}
Potions
 a - a potion of magic
 d - a potion of heal wounds {unknown}
 e - 3 potions of brilliance {unknown}


   Skills:
 + Level 1.3 Fighting
 + Level 2.2 Dodging
 + Level 2.2 Stealth
 + Level 2.4 Spellcasting
 - Level 1.0 Conjurations
 - Level 3.0 Fire Magic


You had 5 spell levels left.
You knew the following spells:

 Your Spells              Type           Power      Damage    Failure   Level
a - Foxfire               Conj/Fire      32%        2x1d5     9%          1

Your spell library contained the following spells:

 Spells                   Type           Power      Damage    Failure   Level
 Scorch                   Fire           24%        2d6       9%          2
 Inner Flame              Hex/Fire       7%         N/A       30%         3
 Volatile Blastmotes      Fire/Tloc      14%        2d11      30%         3
 Flame Wave               Conj/Fire      8%         2d5       63%         4


Dungeon Overview and Level Annotations

Branches:
Dungeon (2/15)

Altars:

Annotations:
D:2 Sigmund


Innate Abilities, Weirdness & Mutations

Your plain brown scales are hard. (AC +5)
You cannot fit into any form of body armour.
You are cold-blooded and may be slowed by cold attacks.


Message History

Sigmund hits you from afar with a +0 scythe.
The foxfire hits Sigmund.
Sigmund is lightly wounded.
The foxfire hits Sigmund but does no damage.
Sigmund is lightly wounded.
You miscast Foxfire.
You are very lightly contaminated with residual magic.
Nothing appears to happen.
Sigmund hits you from afar with a +0 scythe!
Casting: Foxfire (safe; 9% risk of failure)
Press: ? - help, Q - select action Dir - look around, f - activate You conjure some foxfire!
Sigmund hits you from afar with a +0 scythe.
Casting: Foxfire (safe; 9% risk of failure)
Press: ? - help, Q - select action Dir - look around, f - activate You conjure some foxfire!
The foxfire hits Sigmund.
Sigmund is moderately wounded.
The foxfire hits Sigmund.
Sigmund is moderately wounded.
The foxfire hits Sigmund but does no damage.
Sigmund is moderately wounded.
Casting: Foxfire (safe; 9% risk of failure)
Press: ? - help, Q - select action Dir - look around, f - activate You conjure some foxfire!
Sigmund's eyes start glowing with a red light.
Sigmund completely misses you.
A bat comes into view.
The foxfire hits Sigmund.
Sigmund is heavily wounded.
Sigmund points at you and mumbles some strange words.
You are confused.
Your magical contamination has completely faded away.
You bump into the rock wall.
Your foxfire dissipates!
You're too confused to cast spells.
You're too confused to cast spells.
You're too confused to cast spells.
You bump into the rock wall.
Are you sure you want to abandon this character and quit the game? (Confirm with "yes".)

#.. ... ..
..##### .#.... #
....# ####.#ยง#.#
#####
#.....<#.##.b....
######.@.@..#
#.#.#### #.#.#
#.#.# #...# #####


You could see Sigmund and a bat.

Vanquished Creatures
  A dart slug (D:1)
  3 bats (D:1)
  2 endoplasms (D:1)
  A giant cockroach (D:1)
  A goblin (D:1)
  4 hobgoblins (D:1)
  3 jackals (D:1)
  5 kobolds (D:1)
  A quokka (D:1)
  6 ball pythons (D:1)
  A frilled lizard (D:1)
  A rat (D:1)
29 creatures vanquished.

Vanquished Creatures (others)
  71 foxfires
71 creatures vanquished.

Grand Total: 100 creatures vanquished

Notes
Turn   | Place    | Note
-------+----------+-------------------------------------------
     0 | D:1      | cheesebisquit the Draconian Fire Elementalist began the
                  | quest for the Orb.
     0 | D:1      | Reached XP level 1. HP: 14/14 MP: 3/3
   222 | D:1      | Reached XP level 2. HP: 22/22 MP: 3/5
   361 | D:1      | Reached skill level 1 in Fighting
   559 | D:1      | Reached XP level 3. HP: 28/28 MP: 1/6
   938 | D:2      | Noticed Sigmund
   952 | D:2      | Quit the game

Illustrated notes

Levels and vault maps discovered:
D:1:      lightli_arrival_statue_moat, layout_rooms, dk_noncrumbling_4,
          st_stairs_7, chequers_mini_garden, fountainhead,
          minmay_stone_trees_small, hangedman_abyss_or_decor_stabs,
          minmay_misc_feat_enclosed
D:2:      layout_basic, serial_shops, shop, uniq_robin, uniq_sigmund

Skill      XL: |  1  2 |
---------------+-------+-----
Stealth        | 2 |  2.2
Dodging        | 2 |  2.2
Fighting       | 1 |  1.3
Spellcasting   | |  2.4
Conjurations   | |  1.0
Fire Magic     | |  3.0

Action                     || total
---------------------------++-------
  Melee: Unarmed           ||     3
         Dagger            ||    15
         Tailslap          ||     3
   Cast: Foxfire           ||    42
 Armour: Skin              ||    11
  Dodge: Dodged            ||    24
